 Dungeon Crawl Stone Soup version 0.22-a0-348-gd16d139 (webtiles) character file.

142 iamserjio the Sneak (level 5, 0/36 HPs)
             Began as an Octopode Monk on Apr 10, 2018.
             Slain by a shadow imp (2 damage)
             ... summoned by Natasha
             ... on level 3 of the Dungeon.
             The game lasted 00:06:45 (2861 turns).

iamserjio the Sneak (Octopode Monk)                 Turns: 2861, Time: 00:06:46

Health: 0/36       AC:  1    Str: 10    XL:     5   Next: 25%
Magic:  5/5        EV: 15    Int: 13    God:
Gold:   171        SH:  0    Dex: 15    Spells: 4/4 levels left

rFire    . . .     SeeInvis .   a - +0 falchion
rCold    . . .     Gourm    .   (no shield)
rNeg     . . .     Faith    .   (helmet restricted)
rPois    .         Spirit   .   (no amulet)
rElec    .         Reflect  .   (no ring)
rCorr    .         Harm     .   (no ring)
MR       .....                  (no ring)
Stlth    ++++......             (no ring)
HPRegen  0.12/turn              (no ring)
MPRegen  0.09/turn              (no ring)
                                (no ring)
                                (no ring)

@: no status effects
A: almost no armour, stealthy swim, amphibious, 8 rings, constrict 8, camouflage
1, gelatinous body 1
a: no special abilities


You were on level 3 of the Dungeon.
You were not hungry.

You visited 1 branch of the dungeon, and saw 3 of its levels.
You also visited: Sewer.

You collected 171 gold pieces.

Inventory:

Hand Weapons
 a - a +0 falchion (weapon)
 s - a +3 war axe of chopping
Missiles
 t - 55 stones (quivered)
Wands
 q - a wand of flame (16)
Scrolls
 c - a scroll of immolation {unknown}
 d - 5 scrolls of teleportation
 i - 2 scrolls of magic mapping {unknown}
 j - a scroll of noise {unknown}
 k - a scroll of random uselessness {unknown}
 n - a scroll of fog {unknown}
 r - 2 scrolls of identify
Potions
 e - 4 potions of curing
 f - 2 potions of heal wounds
 g - a potion of invisibility
 h - a potion of brilliance {unknown}
 l - a potion of haste {unknown}
 m - a potion of might {unknown}
 o - a potion of magic {unknown}
 p - 4 potions of flight {unknown}
Comestibles
 b - 4 rations
 u - a chunk of flesh


   Skills:
 - Level 3.1 Fighting
 - Level 3.1 Long Blades
 * Level 4.5 Dodging
 * Level 5.4 Stealth


You had 4 spell levels left.
You didn't know any spells.

Dungeon Overview and Level Annotations

Branches:
Dungeon (3/15)

Altars:
Lugonu

Portals:
Abyss: D:1

Annotations:
D:3 Natasha; zero's ghost, amateur GrEE


Innate Abilities, Weirdness & Mutations

You cannot wear most types of armour.
You are very stealthy in the water. (Stealth+)
You are amphibious.
You can wear up to eight rings at the same time.
You can use your tentacles to constrict eight enemies at once.
Your skin changes colour to match your surroundings (Stealth+).
Your rubbery body absorbs attacks. (AC +1, EV +1)


Message History

Natasha barely misses you. The shadow imp hits you.
You barely miss Natasha. You grab Natasha. You squeeze Natasha.
Natasha is moderately wounded.
You constrict Natasha, but do no damage.
Natasha claws you. The shadow imp gestures at you.
Pain shoots through your body!
* * * LOW HITPOINT WARNING * * *
You hit Natasha but do no damage.
Natasha is moderately wounded.
You constrict Natasha, but do no damage.
Natasha barely misses you. The shadow imp misses you.
You barely miss Natasha.
Natasha is moderately wounded.
You constrict Natasha.
Natasha drinks a potion.
Natasha is healed!
The shadow imp hits you.
* * * LOW HITPOINT WARNING * * *
You hit Natasha but do no damage. You constrict Natasha.
Natasha completely misses you. The shadow imp hits you.
You die...

....#..........................##
...######.......#####.###.###....
#.........####### #..##.###.##.
#..######.# ## ##.#...##.##. ...#
#.###.########.#...##.##. ##.#.
#.##.........#.)......##.
......###............##.#..#####.
%W#.#...###...h.....##.#..# #.
####.#.#.# #...5@....##....#####.
...#.# #..........##.........
...###.# #..........##.)#######
..... #.######.....#.....#######
.... #.#......###.#####.#.....#
... #.#.#.#### #.# #.###.#.# ...
#.#.#.######.#####># #.#.#
#...#.# <..#.#.....# #.#.#
###########.#.#.###.###.#.#


You could see Natasha and a shadow imp.

Vanquished Creatures
  A bullfrog zombie (D:3)
  Natasha (D:3)
  3 adders
  3 worms (D:3)
  2 dart slugs (D:1)
  An orc (D:3)
  A ball python (Sewer)
  4 giant cockroaches
  2 jackals (D:1)
  8 kobolds
  A quokka (D:3)
  3 bats
  6 frilled lizards
  7 goblins
  4 rats
47 creatures vanquished.

Notes
Turn   | Place    | Note
-------+----------+-------------------------------------------
     0 | D:1      | iamserjio the Octopode Monk began the quest for the Orb.
     0 | D:1      | Reached XP level 1. HP: 16/16 MP: 1/1
    72 | D:1      | Reached skill level 3 in Stealth
    72 | D:1      | Reached XP level 2. HP: 20/21 MP: 2/2
   135 | D:1      | Found a one-way gate to the infinite horrors of the Abyss.
   135 | D:1      | Found a corrupted altar of Lugonu.
   135 | D:1      | Noticed a demonic crawler
   135 | D:1      | Noticed a demonic crawler
   136 | D:1      | Noticed a demonic crawler
   139 | D:1      | Noticed a demonic crawler
   368 | D:1      | Reached XP level 3. HP: 20/26 MP: 3/3
  1257 | D:2      | Reached skill level 4 in Stealth
  1675 | D:3      | Found a glowing drain.
  1686 | D:3      | Reached XP level 4. HP: 31/31 MP: 4/4
  1698 | Sewer    | Entered a sewer
  1720 | Sewer    | Noticed Purgy
  2552 | D:3      | Noticed zero's ghost (amateur GrEE)
  2652 | D:3      | Noticed Natasha
  2658 | D:3      | Killed Natasha
  2658 | D:3      | Reached skill level 5 in Stealth
  2778 | D:3      | Reached XP level 5. HP: 36/36 MP: 5/5
  2849 | D:3      | Noticed Natasha
  2861 | D:3      | Slain by a shadow imp

Vault maps used:
D:1:      erik_arrival_cave_to_civilisation
D:3:      first_ration, cheibrodos_sewer_entry_bend, uniq_jessica, uniq_natasha
Sewer:    sewer_co_purgy_island

Skill      XL: |  1  2  3  4 |
---------------+-------------+-----
Stealth        | 3 4 5 |  5.4
Dodging        | 4 |  4.5
Fighting       | |  3.1
Long Blades    | |  3.1

Action                   |  1- 3 |  4- 6 || total
-------------------------+-------+-------++-------
Melee: Falchion          |    56 |    39 ||    95
       Constrict         |    14 |    12 ||    26
       Tentacles         |     8 |    11 ||    19
  Use: Scroll            |       |     4 ||     4
 Stab: Sleeping          |    13 |     5 ||    18
  Eat: Ration            |     1 |       ||     1
       Chunk             |       |     3 ||     3
Armor: Skin              |     4 |     5 ||     9
Dodge: Dodged            |    25 |    32 ||    57
       Rpst.: Falchion   |     6 |     6 ||    12

Table legend:
 A = Spawn XP
 B = Non-spawn XP
 C = Spawn XP percentage of total XP
 D = Spawn monster count
 E = Non-spawn monster count
 F = Spawn count percentage of total count
 G = Total turns spent on level
                    A         B        C        D         E        F      G
               +---------+---------+-------+---------+---------+-------+---------
         Total |       0 |     204 |   0.0 |       0 |      47 |   0.0 |  2861
               +---------+---------+-------+---------+---------+-------+---------
           D:1 |       0 |      46 |   0.0 |       0 |      24 |   0.0 |   886
           D:2 |       0 |      31 |   0.0 |       0 |       4 |   0.0 |   763
           D:3 |       0 |     107 |   0.0 |       0 |      12 |   0.0 |   607
         Sewer |       0 |      20 |   0.0 |       0 |       7 |   0.0 |   605
               +---------+---------+-------+---------+---------+-------+---------
